 Dungeon Crawl Stone Soup version 0.19-a0-1899-g2d93087 (webtiles) character file.

628 dobroeutro the Cutter (level 7, 0/44 HPs)
             Began as a Kobold Hunter on Oct 19, 2016.
             Slain by anet's ghost (7 damage)
             ... on level 5 of the Dungeon.
             The game lasted 00:08:50 (3874 turns).

dobroeutro the Cutter (Kobold Hunter)               Turns: 3874, Time: 00:08:51

Health: 0/44       AC:  5    Str: 10      XL:     7   Next: 77%
Magic:  7/7        EV: 13    Int: 12      God:
Gold:   201        SH:  7    Dex: 16 (17) Spells: 0 memorised, 6 levels left

rFire  . . .     SeeInvis .     l - +0 rapier
rCold  . . .     Gourm    .     c - +0 leather armour
rNeg   . . .     Faith    .     n - +0 shield
rPois  .         Spirit   .     x - +0 helmet
rElec  .         Reflect  .     (no cloak)
rCorr  .         Harm     .     p - +0 pair of gloves
MR     +....                    (no boots)
Stlth  ++........               (no amulet)
                                (no ring)
                                b - ring of protection from magic

@: no status effects
A: carnivore 3
a: no special abilities


You were on level 5 of the Dungeon.
You were very full.

You visited 1 branch of the dungeon, and saw 5 of its levels.

You collected 201 gold pieces.

Inventory:

Hand Weapons
 a - a +2 hand crossbow
 l - a +0 rapier (weapon)
Missiles
 d - 16 bolts
Armour
 c - a +0 leather armour (worn)
 n - a +0 shield (worn)
 p - a +0 pair of gloves (worn)
 x - a +0 helmet (worn)
Jewellery
 b - a ring of protection from magic (left hand)
 h - an uncursed ring of fire
Wands
 o - a wand of digging (5/24)
Scrolls
 e - 2 scrolls of identify
 i - 4 scrolls of remove curse
 k - a scroll of teleportation
 m - a scroll of magic mapping {unknown}
 s - a scroll of amnesia {unknown}
 t - 3 scrolls of immolation {unknown}
Potions
 g - 2 potions of lignification
 j - 2 potions of degeneration
 q - a potion of might
 r - a potion of haste
 v - 2 potions of mutation {unknown}
Comestibles
 f - 6 meat rations
 u - 3 beef jerkies


   Skills:
 + Level 4.4 Fighting
 * Level 6.7 Short Blades
 + Level 6.3 Crossbows
 + Level 4.3 Dodging
 - Level 1.3 Stealth


You had 6 spell levels left.
You didn't know any spells.

Dungeon Overview and Level Annotations

Branches:
Dungeon (5/15)             Temple (0/1) D:5

Altars:
Ashenzari
Dithmenos
Hepliaklqana
Kikubaaqudgha
Qazlal
Sif Muna
Uskayaw
Zin

Annotations:
D:5 Grinder; anet's ghost, amateur HEWz


Innate Abilities, Weirdness & Mutations

You are small and have problems with some larger weapons.
You are carnivorous and can eat meat at any time.


Message History

You are too injured to fight recklessly!
You are too injured to fight recklessly!
You are too injured to fight recklessly!
You are too injured to fight recklessly!
You are too injured to fight recklessly!
You hit anet's ghost.
Anet's ghost is almost destroyed.
You hit anet's ghost but do no damage.
Anet's ghost is almost destroyed.
Anet's ghost casts a spell at you. The magic dart hits you!
* * * LOW HITPOINT WARNING * * *
You hit anet's ghost but do no damage.
Anet's ghost is almost destroyed.
Anet's ghost hits you.
* * * LOW HITPOINT WARNING * * *
Your shield prevents you from hitting anet's ghost.
Anet's ghost is almost destroyed.
Anet's ghost hits you!
You die...

######### (......#
#)#.....###############
#.>.....#..............
#..(.W@.#.#####.#######
#....##.#.# #^.# # #...
#r#.# ##.### # #...
#.#.# #.♣.♣ # #.. #...#
#..♣P.## #. #####
#P♣P.P♣P # ♣r♣P.♣.≈
♣♣.♣♣§♣§ ♣.P♣♣♣


You could see anet's ghost and a river rat.

Vanquished Creatures
  An ogre (D:4)
  A centaur (D:5)
  A centaur skeleton (D:4)
  2 orc priests
  A hound (D:4)
  3 orc wizards
  Ijyb (D:2)
  3 worker ants (D:4)
  A river rat (D:5)
  3 adders
  A shadow imp (D:4)
  A dart slug (D:1)
  9 leopard geckos
  19 orcs
  2 ball pythons (D:4)
  3 giant cockroaches
  7 goblins
  8 hobgoblins
  6 jackals
  10 bats
  9 frilled lizards
  9 kobolds
  A quokka skeleton (D:5)
  10 rats
112 creatures vanquished.

Vanquished Creatures (others)
  A plant (D:5)
1 creature vanquished.

Grand Total: 113 creatures vanquished

Notes
Turn   | Place    | Note
-------+----------+-------------------------------------------
     0 | D:1      | dobroeutro the Kobold Hunter began the quest for the Orb.
     0 | D:1      | Reached XP level 1. HP: 12/12 MP: 1/1
    63 | D:1      | Reached skill level 1 in Short Blades
    78 | D:1      | Reached XP level 2. HP: 16/18 MP: 2/2
   477 | D:1      | Reached XP level 3. HP: 22/22 MP: 3/3
   768 | D:2      | Reached skill level 5 in Crossbows
   865 | D:2      | Reached XP level 4. HP: 22/27 MP: 4/4
  1195 | D:2      | Noticed Ijyb
  1223 | D:2      | Killed Ijyb
  1606 | D:3      | Reached XP level 5. HP: 32/32 MP: 5/5
  2721 | D:4      | Noticed an ogre
  2732 | D:4      | Killed an ogre
  2732 | D:4      | Reached XP level 6. HP: 37/37 MP: 6/6
  2747 | D:4      | Reached skill level 5 in Short Blades
  3122 | D:4      | Found a shadowy altar of Dithmenos.
  3292 | D:4      | Reached XP level 7. HP: 42/42 MP: 7/7
  3481 | D:5      | Entered Level 5 of the Dungeon
  3585 | D:5      | Noticed Grinder
  3662 | D:5      | Found a shattered altar of Ashenzari.
  3663 | D:5      | Found a hide-covered altar of Uskayaw.
  3663 | D:5      | Found a deep blue altar of Sif Muna.
  3663 | D:5      | Found a glowing silver altar of Zin.
  3698 | D:5      | Found a hazy altar of Hepliaklqana.
  3703 | D:5      | Found an ancient bone altar of Kikubaaqudgha.
  3741 | D:5      | Found a stormy altar of Qazlal.
  3836 | D:5      | Noticed anet's ghost (amateur HEWz)
  3836 | D:5      | Found a staircase to the Ecumenical Temple.
  3874 | D:5      | Slain by anet's ghost

Vault maps used:
D:1:      dpeg_arrival_ratfight, kennysheep_boxes
D:2:      first_bread, uniq_iyjb
D:3:      grunt_decor_cap
D:4:      grunt_dithmenos_shadows
D:5:      wad_woods_stonehenge, minmay_overflow_temple_hex,
          nicolae_qazlal_eye_of_the_storm, uniq_grinder

Skill      XL: |  1  2  3  4  5  6  7 |
---------------+----------------------+-----
Short Blades   | 1 2 3 4 5 6 |  6.7
Crossbows      | 5 6 |  6.3
Fighting       | 3 4 |  4.4
Dodging        | 3 4 |  4.3
Stealth        | |  1.3

Action                   |  1- 3 |  4- 6 |  7- 9 || total
-------------------------+-------+-------+-------++-------
Melee: Short sword       |    42 |       |       ||    42
       Spear             |    55 |     3 |       ||    58
       Rapier            |       |   189 |   120 ||   309
 Fire: Hand crossbow     |       |    24 |     3 ||    27
  Use: Scroll            |       |     6 |       ||     6
       Potion            |       |     4 |       ||     4
 Stab: Sleeping          |     3 |     4 |       ||     7
       Distracted        |       |       |     1 ||     1
  Eat: Chunk             |       |    15 |     3 ||    18
Armor: Leather armour    |    24 |    44 |    22 ||    90
Dodge: Dodged            |    58 |   109 |    38 ||   205
Block: Shield            |       |    48 |    41 ||    89
